Map: Oxide LE

Players

IIIIIIIIIIII - Winner!

  • Race: Protoss Protoss
  • League: Master

JoshuAndrè

  • Race: Terran Terran
  • League: Master

VOD

Have the link to the VOD?

Description

Time

  • Played on: Sept. 26, 2021, 2:14 p.m.
  • Length: 14:42
Show
View Real Time Build Order
Export as new Build Order

IIIIIIIIIIII Protoss - Winner!

Build Orders: Oracle Opening, Colossus Rush 

Get SALT Encoding   

  12  0:00  Probe  
  13  0:12  Probe  
  14  0:17  Pylon  
  14  0:24  Probe (Chrono Boost)  
  16  0:37  Probe (Chrono Boost)  
  16  0:38  Gateway  
  16  0:42  Probe (Chrono Boost)  
  16  0:47  Assimilator  
  17  0:53  Probe  
  18  1:05  Probe (Chrono Boost)  
  19  1:15  Probe (Chrono Boost)  
  20  1:26  Zealot  
  20  1:30  Cybernetics Core  
  22  1:34  Pylon  
  22  1:35  Assimilator, Probe  
  23  1:52  Probe  
  24  2:04  Probe  
  24  2:05  Adept (Chrono Boost)  
  27  2:12  Shield Battery  
  27  2:16  Probe  
  27  2:22  Stargate  
  28  2:28  Probe  
  29  2:31  Adept  
  31  2:49  Pylon  
  31  2:55  Nexus  
  31  3:05  Oracle (Chrono Boost)  
  31  3:07  Probe  
  35  3:13  Warp Gate  
  35  3:19  Probe  
  36  3:26  Robotics Facility  
  36  3:31  Probe  
  37  3:35  Pylon  
  37  3:43  Probe  
  37  3:47  Void Ray (Chrono Boost)  
  38  3:55  Assimilator, Probe  
  43  4:07  Probe  
  44  4:19  Probe  
  44  4:21  Probe  
  44  4:22  Void Ray (Chrono Boost)  
  46  4:27  Shield Battery  
  50  4:31  Probe  
  50  4:34  Probe  
  52  4:44  Robotics Bay, Probe  
  53  4:46  Probe  
  53  4:51  Pylon  
  54  4:53  Assimilator  
  54  4:56  Observer (Chrono Boost), Probe  
  54  4:58  Probe  
  57  5:02  Pylon  
  57  5:04  Adept  
  59  5:08  Probe  
  59  5:10  Probe  
  61  5:20  Probe  
  60  5:22  Probe  
  61  5:32  Probe  
  61  5:33  Colossus (Chrono Boost)  
  61  5:34  Probe  
  69  5:44  Void Ray, Probe  
  69  5:46  Probe  
  69  5:47  Nexus  
  69  5:48  Pylon  
  71  5:56  Probe  
  76  5:58  Pylon  
  77  6:04  Extended Thermal Lance  
  77  6:08  Pylon  
  76  6:11  Forge  
  76  6:16  Observer, Probe x2  
  78  6:20  Colossus (Chrono Boost)  
  84  6:28  Probe x2  
  84  6:29  Void Ray  
  84  6:30  Shield Battery, Observer  
  90  6:40  Probe x2  
  92  6:52  Protoss Ground Weapons Level 1 (Chrono Boost), Forge, Probe x2  
  94  7:02  Twilight Council  
  94  7:03  Probe  
  94  7:04  Probe x2  
  94  7:07  Colossus (Chrono Boost)  
  97  7:15  Probe  
  104  7:16  Probe x2  
  106  7:27  Probe  
  106  7:28  Probe  
  106  7:29  Probe  
  109  7:35  Gateway  
  109  7:36  Protoss Ground Armor Level 1 (Chrono Boost)  
  109  7:37  Gateway  
  109  7:38  Charge (Chrono Boost)  
  109  7:42  Gateway  
  109  7:43  Sentry  
  111  7:44  Gateway  
  111  7:45  Pylon  
  111  7:54  Pylon x2, Probe x2  
  113  7:59  Colossus (Chrono Boost)  
  119  8:06  Pylon  
  119  8:13  Gateway  
  119  8:16  Zealot  
  121  8:20  Gateway  
  121  8:30  Gateway  
  121  8:31  Zealot  
  123  8:35  Pylon  
  123  8:36  Zealot  
  125  8:43  Pylon  
  125  8:44  Zealot x3  
  119  8:53  Zealot  
  119  8:54  Probe x3  
  124  8:57  Shield Battery  
  124  8:58  Shield Battery  
  124  9:02  Gateway  
  123  9:07  Zealot x2  
  123  9:08  Zealot x2  
  131  9:14  Probe  
  129  9:20  Probe  
  129  9:21  Probe  
  131  9:26  Zealot x4, Probe  
  131  9:30  Pylon  
  140  9:32  Pylon  
  140  9:33  Templar Archives, Assimilator  
  140  9:35  Nexus  
  140  9:37  Pylon  
  140  9:38  Protoss Ground Weapons Level 2 (Chrono Boost)  
  140  9:39  Pylon, Observer (Chrono Boost), Protoss Ground Armor Level 2 (Chrono Boost)  
  141  9:49  Void Ray  
  141  9:51  Pylon  
  144  10:04  Warp Prism  
  146  10:15  Pylon  
  146  10:16  High Templar x4  
  146  10:19  Zealot x5  
  164  10:31  Archon x2  
  162  10:48  High Templar x2  
  162  10:49  High Templar  
  168  10:56  Photon Cannon  
  168  10:57  Photon Cannon  
  168  11:02  High Templar  
  168  11:03  Zealot  
  168  11:04  Zealot x4  
  172  11:07  Gateway  
  172  11:09  Psionic Storm  
  174  11:13  Gateway  
  174  11:20  Zealot x2  
  174  11:22  Assimilator, Warp Prism (Chrono Boost)  
  180  11:27  Probe x2  
  180  11:32  Probe x2  
  184  11:39  Probe  
  169  11:43  Archon x2  
  167  11:51  High Templar x2  
  167  11:53  Zealot x6  
  179  11:54  High Templar  
  181  12:08  Zealot x2  
  179  12:15  Zealot x4  
  179  12:16  Zealot x2  
  160  12:25  Zealot x2  
  158  12:38  Probe x3  
  158  12:39  Zealot x7  
  158  12:40  Zealot x2  
  158  12:41  Warp Prism (Chrono Boost)  
  174  12:50  Probe x2  
  178  12:54  Photon Cannon  
  178  12:55  Photon Cannon  
  178  12:57  Photon Cannon  
  178  13:00  Assimilator  
  178  13:03  Stalker x8  
  178  13:04  Assimilator  
  169  13:18  Archon  
  151  13:23  Zealot x3  
  149  13:38  Stalker x6  
  149  13:39  Stalker  
  149  13:41  Zealot  
  157  14:09  Zealot x11  
  153  14:37  Nexus  
Show
View Real Time Build Order
Export as new Build Order

JoshuAndrè Terran 

Build Orders:  

Get SALT Encoding   

  12  0:00  SCV  
  13  0:12  SCV  
  14  0:17  Supply Depot  
  14  0:24  SCV  
  15  0:38  SCV  
  15  0:39  Barracks  
  16  0:43  Refinery  
  16  0:51  SCV  
  17  1:03  SCV  
  18  1:15  SCV  
  19  1:23  Engineering Bay  
  19  1:27  Orbital Command  
  19  1:29  Reaper  
  20  1:54  SCV  
  21  1:56  Command Center  
  21  2:01  Barracks Reactor  
  21  2:09  Supply Depot, SCV  
  22  2:17  Bunker  
  22  2:21  SCV  
  23  2:27  Factory  
  23  2:34  SCV  
  24  2:37  Refinery  
  24  2:38  Marine x2  
  26  2:48  SCV  
  27  2:56  Marine x2  
  29  3:00  SCV  
  30  3:09  Orbital Command  
  30  3:13  SCV  
  30  3:14  Hellion  
  30  3:16  Starport  
  30  3:17  Marine x2  
  35  3:25  SCV  
  36  3:28  Supply Depot, Orbital Command  
  36  3:35  Marine x2  
  36  3:37  SCV  
  36  3:40  Hellion  
  41  3:49  SCV  
  41  3:51  Supply Depot  
  41  3:54  Medivac  
  44  3:56  Marine x2  
  44  3:57  SCV  
  44  4:01  Hellion, SCV  
  50  4:09  SCV  
  49  4:13  SCV  
  49  4:14  Marine x2  
  49  4:21  SCV  
  49  4:22  Factory Tech Lab  
  48  4:26  Starport Tech Lab, SCV  
  49  4:32  Marine x2  
  49  4:33  SCV  
  52  4:39  SCV  
  53  4:45  SCV  
  53  4:46  Siege Tank  
  53  4:52  Marine x2  
  60  4:55  Raven  
  62  5:02  Supply Depot  
  62  5:06  Command Center  
  61  5:07  SCV  
  61  5:13  Marine x2, SCV  
  55  5:25  SCV x2  
  50  5:29  Cyclone  
  50  5:30  Marine  
  50  5:31  Marine  
  50  5:34  Engineering Bay  
  55  5:37  Refinery, SCV  
  55  5:40  Refinery, SCV  
  57  5:48  Barracks  
  57  5:49  SCV  
  58  5:50  Starport Reactor  
  58  5:56  Marine, Barracks, Engineering Bay  
  59  5:57  Marine  
  59  6:01  SCV  
  61  6:05  Terran Infantry Weapons Level 1  
  61  6:09  Cyclone  
  64  6:12  SCV  
  64  6:14  Marine  
  64  6:15  SCV  
  67  6:19  Orbital Command  
  67  6:22  Terran Infantry Armor Level 1  
  67  6:25  SCV  
  68  6:28  Medivac  
  68  6:31  Medivac  
  73  6:32  SCV  
  73  6:37  SCV  
  74  6:40  Supply Depot  
  74  6:42  Marine  
  74  6:44  Barracks Tech Lab  
  74  6:45  SCV  
  74  6:46  Stimpack  
  76  6:49  SCV  
  76  6:50  Orbital Command  
  77  6:54  Marine x2  
  77  6:57  SCV  
  77  7:00  Marine  
  81  7:01  Factory Reactor, SCV  
  81  7:02  Medivac  
  81  7:07  Supply Depot  
  84  7:09  SCV  
  84  7:12  Marine  
  84  7:14  SCV  
  87  7:15  Barracks  
  87  7:16  SCV  
  87  7:17  Barracks  
  87  7:19  Marine  
  87  7:21  Supply Depot, SCV  
  90  7:23  Marine  
  90  7:24  Combat Shield  
  90  7:26  SCV  
  90  7:28  SCV  
  93  7:30  Supply Depot  
  93  7:31  Marine x2  
  93  7:33  SCV  
  93  7:36  Medivac  
  98  7:37  Medivac  
  98  7:38  SCV  
  98  7:43  Widow Mine x2  
  105  7:44  SCV  
  105  7:45  SCV  
  105  7:47  Supply Depot  
  105  7:49  Marine  
  105  7:50  SCV  
  109  7:52  Marine  
  109  7:54  Supply Depot  
  109  7:56  SCV  
  109  7:57  Refinery, SCV  
  112  8:00  Armory  
  112  8:01  Marine  
  112  8:02  Marauder, SCV  
  116  8:08  Marine  
  116  8:09  Barracks Reactor, Marine, Marauder  
  120  8:13  Supply Depot  
  120  8:16  Concussive Shells  
  120  8:17  Supply Depot, SCV  
  120  8:18  Refinery  
  120  8:19  Marine  
  122  8:22  SCV x2  
  122  8:23  Marauder, Medivac  
  122  8:25  Widow Mine  
  122  8:26  Marine  
  122  8:27  Medivac  
  133  8:34  Marauder, Marine  
  131  8:46  Marine x3  
  131  8:47  Marauder x2  
  129  8:52  SCV x3  
  127  8:59  Marine  
  127  9:00  Marauder  
  127  9:04  SCV x3, Marine  
  127  9:05  Terran Infantry Weapons Level 2  
  127  9:08  Marauder  
  127  9:09  Command Center  
  133  9:10  Sensor Tower  
  133  9:15  Widow Mine x2, Medivac x2  
  133  9:16  SCV  
  142  9:17  SCV x2, Sensor Tower  
  140  9:28  SCV  
  141  9:33  Starport, Marine x3, Marauder x2, Barracks  
  141  9:35  Terran Infantry Armor Level 2, Barracks  
  141  9:36  Barracks  
  148  9:40  Supply Depot  
  148  9:42  Terran Ship Weapons Level 1  
  148  9:47  SCV  
  148  9:52  Supply Depot x2  
  149  9:55  Refinery  
  149  10:01  Refinery, Marine  
  149  10:02  Marauder x2, Marine, SCV x2  
  157  10:13  Viking x2, Marine, SCV  
  157  10:14  Marauder, Marine, SCV  
  167  10:19  Marine x2  
  169  10:22  Barracks Reactor  
  169  10:23  Marauder  
  169  10:24  Marauder  
  169  10:27  Barracks Tech Lab  
  173  10:31  Planetary Fortress, Marine x2  
  173  10:34  Marine  
  173  10:35  Barracks Tech Lab  
  176  10:37  Marine x2  
  175  10:45  Marauder x2  
  175  10:49  Marine x2  
  172  10:52  Marine  
  172  10:53  Marauder  
  172  10:54  Viking x4  
  172  10:55  Marine x2  
  182  11:06  Marauder  
  184  11:23  Terran Infantry Weapons Level 3  
  184  11:24  Viking, Medivac  
  188  11:36  Viking, Medivac  
  188  11:38  Supply Depot  
  192  11:40  Command Center  
  192  11:42  Supply Depot  
  192  11:45  Marine x5  
  192  11:46  Marauder x5  
  196  11:55  Terran Ship Weapons Level 2  
  196  11:59  Viking x2  
  200  12:14  Marine x2  
  179  12:27  Marauder, Marine x2  
  179  12:28  Viking, Medivac  
  179  12:29  Viking  
  163  12:37  Marauder, Marine  
  163  12:39  Viking  
  163  12:42  Marauder, Marine x3  
  163  12:43  Marauder x2  
  176  12:51  Ghost Academy  
  176  12:52  Planetary Fortress  
  176  12:55  Sensor Tower  
  176  12:57  Marine x3  
  176  12:58  Viking x2  
  183  12:59  Viking  
  163  13:17  Marauder x2, Marine x4  
  163  13:18  Marauder x2  
  134  13:21  Marine x2  
  134  13:22  Marauder  
  108  13:34  Marine  
  108  13:35  Marine x3  
  108  13:39  Marauder x4, Viking, Marine x2  
  108  13:40  Viking  
  126  13:43  Marauder  
  128  13:52  Marine x2  
  128  13:53  Marine x2  
  132  13:57  Marine x2  
  132  14:00  Marauder x4  
  127  14:04  Marine  
  122  14:10  Marine x4  
  122  14:15  Marine x2  
Tags
 
Add a new tag
Caveats
  • Supply blocks, unpowered buildings, or Contaminate may cause inaccurate times.
  • Supply counts are checked every 10 seconds.